 Dungeon Crawl Stone Soup version 0.31-a0-221-gbddc013574 (webtiles) character file.

Game seed: 12895942257084401236

2072 qw the Skirmisher (level 9, -2/79 HPs)
             Began as a Minotaur Hexslinger on July 4, 2023.
             Slain by a vampire (5 damage)
             ... on level 6 of the Dungeon.
             The game lasted 00:01:52 (3790 turns).

qw the Skirmisher (Minotaur Hexslinger)             Turns: 3790, Time: 00:01:53

Health: -2/79      AC:  9    Str: 21    XL:     9   Next: 5%
Magic:  9/9        EV: 12    Int: 10    God:
Gold:   326        SH:  0    Dex: 17    Spells: 9/10 levels left

rFire   . . .        h - +0 orcbow
rCold   + + +        (shield currently unavailable)
rNeg    . . .        i - +3 ring mail of Maowk {-Cast rC+++ Will+ Str+8}
rPois   +            (helmet restricted)
rElec   .            (no cloak)
rCorr   .            (no gloves)
SInv    .            o - +0 pair of boots
Will    +....        e - amulet of regeneration
Stlth   +            j - ring of poison resistance
HPRegen 1.13/turn    l - +4 ring of slaying {mikee}
MPRegen 0.11/turn

%: no spellcasting
@: no status effects
A: horns 2, retaliatory headbutt
a: no special abilities


You were on level 6 of the Dungeon.
You visited 2 branches of the dungeon, and saw 7 of its levels.
You also visited: Ossuary.

You collected 341 gold pieces.
You spent 15 gold pieces at shops.


Innate Abilities, Weirdness & Mutations

You have a pair of horns on your head.
You reflexively headbutt those who attack you in melee.


   Skills:
 - Level 7.3 Fighting
 - Level 10.5 Ranged Weapons
 - Level 2.9 Armour
 + Level 3.6 Dodging
 - Level 1.0 Spellcasting
 - Level 2.0 Hexes


You had 9 spell levels left.
You knew the following spells:

 Your Spells              Type           Power      Damage    Failure   Level
a - Slow                  Hex            16%        N/A       24%         1

Your spell library contained the following spells:

 Spells                   Type           Power      Damage    Failure   Level
 Inner Flame              Hex/Fire       2%         N/A       73%         3
 Portal Projectile        Hex/Tloc       4%         N/A       73%         3
 Cause Fear               Hex            2%         N/A       94%         4

Inventory:

Hand Weapons
 h - a +0 orcbow (weapon)
Armour
 i - the +3 ring mail of Maowk (worn) {-Cast rC+++ Will+ Str+8}
   (You found it on level 2 of the Dungeon)

   Str:       It affects your strength (+8).
   rC:        It renders you almost immune to cold.
   -Cast:     It prevents spellcasting.
   Will:      It increases your willpower.
 o - a +0 pair of boots (worn)
Jewellery
 a - a ring of ice
 c - a ring of protection from fire
 e - an amulet of regeneration (around neck)
 j - a ring of poison resistance (left hand)
 l - a +4 ring of slaying (right hand) {mikee}
 r - a ring of positive energy
Scrolls
 b - 2 scrolls of teleportation
 f - a scroll of identify
Potions
 d - 4 potions of curing
 g - 5 potions of heal wounds
 m - a potion of resistance
 n - a potion of mutation
 q - a potion of cancellation {unknown}

Dungeon Overview and Level Annotations

Branches:
Dungeon (6/15)             Temple (1/1) D:5         Ossuary (visited)

Altars:
Elyvilon
Gozag
Hepliaklqana
Kikubaaqudgha
Nemelex Xobeh
Qazlal
Sif Muna
Uskayaw
Wu Jian
Xom
Zin

Shops:
D:4 *


Message History

You shoot an arrow. Something hits you. Something bites you!
Something draws strength from your injuries!
You shoot an arrow. Something hits you. Something bites you but does no damage.
You shoot an arrow. Something hits you. Something bites you.
Something draws strength from your injuries!
Something draws life force from you.
You shoot an arrow. Something hits you but does no damage. Something bites you.
Something draws strength from your injuries!
You shoot an arrow. Something hits you! Something bites you but does no damage.
You shoot an arrow. Something hits you! Something bites you.
Something draws strength from your injuries!
You shoot an arrow. Something hits you but does no damage. Something bites you.
Something draws strength from your injuries!
You shoot an arrow. Something hits you but does no damage. Something bites you!
Something draws strength from your injuries!
You shoot an arrow. Something completely misses you. Something bites you.
Something draws strength from your injuries!
You shoot an arrow. Something hits you but does no damage. Something bites you!
Something draws strength from your injuries!
You shoot an arrow. Something hits you. Something bites you.
Something draws strength from your injuries!
You shoot an arrow. Something hits you but does no damage.
Something bites you but does no damage.
You shoot an arrow. Something hits you. Something bites you.
Something draws strength from your injuries!
You shoot an arrow. Something hits you.
You die...

#...../.....#
#...........# #..
############# #..
...# #.. ..... #.#
.....##.#
......#.# #....{.#
#@# #.# #.# #.#
#.# #.# #.# #.#
################.#


There were no monsters in sight!

Vanquished Creatures
  Pikel (D:4)
  A wyvern (D:4)
  Sigmund (D:6)
  2 black bears
  An ogre (D:4)
  A phantom (D:5)
  3 water moccasin zombies (Ossuary)
  2 scorpions
  4 wights (D:6)
  A killer bee (D:6)
  A howler monkey (D:5)
  3 hounds
  An iguana (D:5)
  2 mummies (Ossuary)
  8 gnolls
  6 adders
  A white imp (D:5)
  3 ufetubi
  3 adder zombies (Ossuary)
  2 worms (D:2)
  3 dart slugs
  5 orcs (D:5)
  6 bats
  9 endoplasms
  2 giant cockroaches
  2 gnoll zombies (Ossuary)
  2 goblins (D:1)
  11 hobgoblins
  3 quokkas
  5 ball pythons
  2 frilled lizards
  7 hobgoblin zombies (Ossuary)
  11 kobolds
  2 kobold zombies (Ossuary)
  5 orc zombies (Ossuary)
  4 rats
126 creatures vanquished.

Notes
Turn   | Place    | Note
-------+----------+-------------------------------------------
     0 | D:1      | qw the Minotaur Hexslinger began the quest for the Orb.
     0 | D:1      | Reached XP level 1. HP: 16/16 MP: 1/1
     0 | D:1      | 0 ||| qw: Version: 0.3-a-41-g9d075ac
     0 | D:1      | 0 ||| qw: Game counter: 836
     0 | D:1      | 0 ||| qw: Melee chars always use a shield: true
     0 | D:1      | 0 ||| qw: God list: Okawaru
     0 | D:1      | 0 ||| qw: Allow faded altars: false
     0 | D:1      | 0 ||| qw: Do Orc after clearing Dungeon:15 true
     0 | D:1      | 0 ||| qw: Do second Lair branch before Depths: true
     0 | D:1      | 0 ||| qw: Lair rune preference: random
     0 | D:1      | 0 ||| qw: Goals: Normal
     0 | D:1      | 0 ||| PLANNING D:1-11
   125 | D:1      | Reached skill level 3 in Ranged Weapons
   125 | D:1      | Reached XP level 2. HP: 23/23 MP: 2/2
   354 | D:1      | Reached XP level 3. HP: 29/29 MP: 3/3
   589 | D:1      | 589 ||| UPGRADING to +0 leather armour.
   599 | D:1      | 599 ||| DROPPING +0 robe.
   600 | D:1      | 600 ||| UPGRADING to ring of poison resistance.
   601 | D:1      | 601 ||| READING scroll labelled FORENE FITH.
   602 | D:1      | 602 ||| READING scroll labelled MES ZEESCHIGIKUA.
   603 | D:1      | 603 ||| READING scroll labelled BIAFOEZULO.
   604 | D:1      | 604 ||| READING scroll labelled MUISOB ITRAAWKU.
   605 | D:1      | 605 ||| READING scroll labelled GIEREJIUKE.
   609 | D:1      | 609 ||| DRINKING 2 sedimented coppery potions.
   610 | D:1      | 610 ||| DROPPING scroll of poison.
   651 | D:2      | Reached skill level 4 in Ranged Weapons
   829 | D:2      | Reached XP level 4. HP: 36/36 MP: 4/4
   971 | D:2      | Identified the +3 ring mail of Maowk {-Cast rC+++ Will+
                  | Str+8}
  1076 | D:2      | Reached skill level 5 in Ranged Weapons
  1522 | D:2      | You fall into a shaft and drop 1 floor!
  1648 | D:3      | Reached skill level 3 in Fighting
  1677 | D:3      | Reached XP level 5. HP: 36/45 MP: 5/5
  1745 | D:3      | 1745 ||| UPGRADING to +0 ring mail.
  1755 | D:3      | 1755 ||| DROPPING +0 leather armour.
  1756 | D:3      | 1756 ||| UPGRADING to +3 ring mail of Maowk {-Cast rC+++
                  | Will+ Str+8}.
  1766 | D:3      | 1766 ||| DROPPING +0 ring mail.
  1767 | D:3      | 1767 ||| UPGRADING to +4 ring of slaying {mikee}.
  1768 | D:3      | 1768 ||| DROPPING ring of magical power.
  1769 | D:3      | 1769 ||| READING 2 scrolls labelled OGIEPH TI FUHE.
  1770 | D:3      | 1770 ||| READING scroll labelled XOJ TEJUENN.
  1771 | D:3      | 1771 ||| READING scroll labelled TOUTUZ MOUFADGH.
  1772 | D:3      | 1772 ||| DRINKING 3 fuming sapphire potions.
  1773 | D:3      | 1773 ||| DROPPING scroll of blinking.
  1878 | D:3      | Found a glowing silver altar of Zin.
  1882 | D:3      | Found an ancient bone altar of Kikubaaqudgha.
  2050 | D:3      | Found a faded altar of an unknown god.
  2199 | D:3      | 2199 ||| UPGRADING to amulet of regeneration.
  2204 | D:3      | 2204 ||| READING 2 scrolls of identify.
  2204 | D:3      | 2204 ||| IDENTIFYING fuming amethyst potion
  2205 | D:3      | 2205 ||| DROPPING potion of invisibility.
  2266 | D:4      | Reached skill level 1 in Armour
  2331 | D:4      | Noticed an ogre
  2337 | D:4      | Killed an ogre
  2338 | D:4      | Reached skill level 6 in Ranged Weapons
  2338 | D:4      | Reached XP level 6. HP: 51/51 MP: 6/6
  2338 | D:4      | Found Evoagut's CLEARANCE SALE!.
  2345 | D:4      | 2345 ||| BUYING potion of heal wounds (15 gold).
  2345 | D:4      | Bought a potion of heal wounds for 15 gold pieces
  2361 | D:4      | Noticed Pikel
  2373 | D:4      | Killed Pikel
  2374 | D:4      | Reached XP level 7. HP: 59/66 MP: 7/7
  2445 | D:4      | 2445 ||| SWAPPING to +0 shortbow.
  2449 | D:4      | 2449 ||| DROPPING +2 sling of freezing.
  2599 | D:4      | Noticed a wyvern
  2608 | D:4      | Killed a wyvern
  2609 | D:4      | Reached skill level 7 in Ranged Weapons
  2727 | D:4      | Reached XP level 8. HP: 52/73 MP: 8/8
  2859 | D:4      | 2859 ||| UPGRADING to +0 pair of boots.
  2864 | D:4      | 2864 ||| READING scroll labelled TEQEOGO ECSI.
  2865 | D:4      | 2865 ||| READING scroll labelled ZAOKUJ DUMECEO.
  2866 | D:4      | 2866 ||| DRINKING 2 brown potions.
  2885 | D:4      | 2885 ||| DROPPING potion of lignification.
  2897 | D:5      | Entered Level 5 of the Dungeon
  2898 | D:5      | 2898 ||| PLANNING OSSUARY
  2990 | D:5      | Reached skill level 8 in Ranged Weapons
  2996 | D:5      | 2996 ||| FLEEEEING.
  2997 | D:5      | 2997 ||| FLEEEEING.
  3013 | D:5      | Reached skill level 3 in Dodging
  3039 | D:5      | Found a staircase to the Ecumenical Temple.
  3079 | D:5      | Found a sand-covered staircase.
  3085 | Ossuary  | Entered an ossuary
  3186 | Ossuary  | Reached skill level 9 in Ranged Weapons
  3250 | Ossuary  | 3250 ||| READING scroll labelled YSTEEDORIO.
  3281 | Ossuary  | 3281 ||| DRINKING 2 white potions.
  3282 | Ossuary  | 3282 ||| DRINKING 2 red potions.
  3283 | Ossuary  | 3283 ||| READING 3 scrolls of identify.
  3283 | Ossuary  | 3283 ||| IDENTIFYING silvery potion
  3284 | Ossuary  | 3284 ||| READING 2 scrolls of identify.
  3284 | Ossuary  | 3284 ||| IDENTIFYING bubbling orange potion
  3285 | Ossuary  | 3285 ||| DROPPING potion of attraction.
  3286 | Ossuary  | 3286 ||| DROPPING potion of brilliance.
  3292 | D:5      | 3292 ||| PLANNING TEMPLE
  3310 | Temple   | Entered the Ecumenical Temple
  3310 | Temple   | Found a transporter.
  3310 | Temple   | Found a transporter.
  3312 | Temple   | Found a transporter.
  3312 | Temple   | Found a transporter.
  3322 | Temple   | 3322 ||| PLANNING D:1-11
  3447 | D:5      | 3447 ||| DROPPING +2 sling of freezing.
  3599 | D:5      | 3599 ||| DROPPING amulet of guardian spirit.
  3600 | D:5      | 3600 ||| READING scroll labelled TUIPHEM UHYMP.
  3600 | D:5      | Identified a scroll of acquirement
  3600 | D:5      | 3600 ||| ACQUIRING +0 shortbow of flaming
  3600 | D:5      | Acquired a +0 shortbow of flaming
  3602 | D:5      | 3602 ||| SWAPPING to +0 shortbow of flaming.
  3603 | D:5      | 3603 ||| DROPPING +0 shortbow.
  3604 | D:5      | 3604 ||| DRINKING 2 fizzy sapphire potions.
  3605 | D:5      | 3605 ||| DRINKING 5 potions of curing.
  3605 | D:5      | 3605 ||| (to cure confusion)
  3606 | D:5      | 3606 ||| DROPPING potion of ambrosia.
  3644 | D:6      | Noticed Sigmund
  3649 | D:6      | Killed Sigmund
  3675 | D:6      | Reached skill level 10 in Ranged Weapons
  3754 | D:6      | 3754 ||| SWAPPING to +0 orcbow.
  3758 | D:6      | Reached XP level 9. HP: 76/78 MP: 9/9
  3760 | D:6      | 3760 ||| DROPPING +0 shortbow of flaming.
  3785 | D:6      | HP: 16/79 [something (5)]
  3787 | D:6      | HP: 4/79 [something (4)]
  3790 | D:6      | Slain by a vampire

Levels and vault maps discovered:
D:1:      psy_arrival_spokes, layout_basic, serial_corexii_hall,
          corexii_hall_statues_x, chequers_hall_statues_y,
          corexii_hall_statues_x
D:2:      layout_basic, item_on_display_b
D:3:      layout_loops_ring, grunt_temple_overflow_open,
          hellmonk_ecumenical_altar_blasted
D:4:      layout_loops_ring, nicolae_shop_clearance, uniq_pikel
D:5:      layout_rooms, minmay_temple_entry_trees, nicolae_ossuary_entry_plus
D:6:      minmay_opposing_rooms, layout_basic, minmay_misc_feat_rugged,
          uniq_sigmund
Temple:   hellmonk_temple_divided_pantheon

Skill      XL: |  1  2  3  4  5  6  7  8 |
---------------+-------------------------+-----
Ranged Weapons | 3 4 5 6 7 10 | 10.5
Fighting       | 2 3 7 |  7.3
Armour         | 1 2 |  2.9
Dodging        | 3 |  3.6
Spellcasting   | |  1.0
Hexes          | |  2.0

Action                     |  1- 3 |  4- 6 |  7- 9 || total
---------------------------+-------+-------+-------++-------
   Fire: Sling             |   108 |   101 |     5 ||   214
         Shortbow          |       |       |   183 ||   183
         Orcbow            |       |       |    22 ||    22
    Use: Scroll            |     5 |     4 |     6 ||    15
         Potion            |     1 |     1 |     5 ||     7
 Armour: Robe              |     2 |       |       ||     2
         Leather armour    |     1 |     2 |       ||     3
         Ring mail         |       |     4 |    45 ||    49
  Dodge: Dodged            |    12 |    34 |    63 ||   109

Table legend:
 A = Non-vault XP
 B = Vault XP
 C = Vault XP percentage of total XP
 D = Non-vault monster count
 E = Vault monster count
 F = Vault count percentage of total count
                 A         B        C        D         E       F
            +---------+---------+-------+---------+---------+-------
      Total |    1719 |    1241 |  41.9 |      99 |      27 |  21.4
            +---------+---------+-------+---------+---------+-------
        D:1 |      50 |       0 |   0.0 |      28 |       0 |   0.0
        D:2 |     131 |       0 |   0.0 |      23 |       0 |   0.0
        D:3 |      62 |       0 |   0.0 |       8 |       0 |   0.0
        D:4 |     588 |     663 |  53.0 |      18 |       1 |   5.3
        D:5 |     386 |       0 |   0.0 |      15 |       0 |   0.0
        D:6 |     502 |     275 |  35.4 |       7 |       2 |  22.2
    Ossuary |       0 |     303 | 100.0 |       0 |      24 | 100.0
            +---------+---------+-------+---------+---------+-------
